 Dungeon Crawl Stone Soup version 0.28-a0-1616-g050a50673c (webtiles) character file.

Game seed: 2494357016071685506

6546 leviel the Fighter (level 11, -5/94 HPs)
             Began as a Hill Orc Fighter on Jan 19, 2022.
             Was a High Priest of Okawaru.
             Slain by a warg (7 damage)
             ... on level 10 of the Dungeon on Jan 23, 2022.
             The game lasted 00:13:27 (10211 turns).

leviel the Fighter (Hill Orc Fighter)              Turns: 10211, Time: 00:13:28

Health: -5/94      AC: 20    Str: 22    XL:     11   Next: 1%
Magic:  13/16      EV:  8    Int:  7    God:    Okawaru [*****.]
Gold:   250        SH:  5    Dex: 10    Spells: 10/10 levels left

rFire   . . .      SeeInvis .   a - +5 great sword "Volierch" {venom, rC+}
rCold   + . .      Faith    .   (shield currently unavailable)
rNeg    . . .      Spirit   .   y - +0 plate armour
rPois   .          Reflect  +   n - +0 helmet
rElec   .          Harm     .   e - +0 cloak
rCorr   +          Rampage  .   h - +3 Mad Mage's Maulers {Infuse+∞ RegenMP Int-3}
Will    .....                   (no boots)
Stlth   ..........              j - amulet of reflection
HPRegen 0.25/turn               k - ring of resist corrosion
MPRegen 0.55/turn               (no ring)

@: no status effects
A: no striking features
a: Renounce Religion, Heroism, Finesse, Duel


You were on level 10 of the Dungeon.
You worshipped Okawaru.
Okawaru was extremely pleased with you.
You visited 2 branches of the dungeon, and saw 11 of its levels.

You collected 457 gold pieces.
You spent 207 gold pieces at shops.

Inventory:

Hand Weapons
 a - the +5 great sword "Volierch" (weapon) {venom, rC+}
   (You bought it in a shop on level 1 of the Dungeon)

   It poisons the flesh of those it strikes.
   rC:        It protects you from cold.
 f - a +0 rapier
 t - a +1 war axe
Missiles
 g - 26 poisoned darts (quivered)
Armour
 e - a +0 cloak (worn)
 h - the +3 Mad Mage's Maulers (worn) {Infuse+∞ RegenMP Int-3}
   (You found it on level 2 of the Dungeon)

   It empowers its wearer's blows with all of their magic.
   It causes its wearer's magical reserves to regenerate more quickly.
   Int:       It affects your intelligence (-3).
 n - a +0 helmet (worn)
 y - a +0 plate armour (worn)
Jewellery
 c - a ring of poison resistance
 j - an amulet of reflection (around neck)
 k - a ring of resist corrosion (left hand)
Wands
 b - a wand of iceblast (53)
 o - a wand of polymorph (4)
 w - a wand of paralysis (6)
 x - a wand of flame (9)
 A - a wand of acid (5)
Scrolls
 d - a scroll of identify {@r1}
 i - 3 scrolls of fear
 l - 3 scrolls of teleportation
 s - a scroll of amnesia
 u - a scroll of blinking
Potions
 p - 2 potions of curing
 q - 2 potions of magic
 r - 2 potions of lignification
 v - 2 potions of attraction


   Skills:
 + Level 8.2 Fighting
 + Level 5.8 Long Blades
 - Level 5.9 Axes
 + Level 5.1 Throwing
 + Level 7.4 Armour
 + Level 4.8 Dodging
 - Level 4.7 Shields
 + Level 7.5 Invocations
 + Level 5.7 Evocations


You had 10 spell levels left.
You didn't know any spells.
Your spell library contained the following spells:

 Spells                   Type           Power      Damage    Failure   Level
 Apportation              Tloc           0%         N/A       100%        1
 Conjure Flame            Conj/Fire      0%         6-21      100%        3
 Ignite Poison            Fire/Tmut/Pois 0%         N/A       100%        3
 Inner Flame              Hex/Fire       0%         N/A       100%        3
 Cause Fear               Hex            0%         N/A       100%        4
 Leda's Liquefaction      Hex/Erth       0%         N/A       100%        4
 Sticky Flame             Conj/Fire      0%         2d3       100%        4
 Lee's Rapid Deconstruct  Erth           0%         3d5*      100%        5
 Statue Form              Tmut/Erth      0%         N/A       100%        6
 Discord                  Hex            0%         N/A       100%        8
 Animate Skeleton         Necr           Unusable   N/A       N/A         1
 Summon Small Mammal      Summ           Unusable   N/A       N/A         1

Dungeon Overview and Level Annotations

Branches:
Dungeon (10/15)            Temple (1/1) D:4
   Lair: D:8-11         Orc: D:9-12

Altars:
Ashenzari
Cheibriados
Dithmenos
Elyvilon
Fedhas
Gozag
Hepliaklqana
Kikubaaqudgha
Nemelex Xobeh
Okawaru
Qazlal
Ru
Sif Muna
Uskayaw
Vehumet
Wu Jian
Xom
Yredelemnul
Zin
The Shining One

Shops:
D:1 (   D:7 (   D:8 [   D:9 :


Message History

The gnoll sergeant hits you but does no damage.
You are lethally poisoned!
The warg bites you!
* * * LOW HITPOINT WARNING * * *
The gnoll sergeant hits you from afar with a +3 spear of venom.
* * * LOW HITPOINT WARNING * * *
You are more poisoned.
You feel better.
The howler monkey hits you but does no damage.
A gnoll sergeant comes into view. It is wielding a +2 vorpal trident.
The warg bites you but does no damage.
The gnoll sergeant hits you but does no damage.
You are poisoned.
You block the gnoll sergeant's attack.
You feel sick. You block the warg's attack.
The gnoll sergeant closely misses you. The howler monkey closely misses you.
You feel sick. The warg bites you but does no damage.
You feel sick.
You feel sick.
You see here a fizzy black potion.
You feel sick.
You feel sick. The warg bites you but does no damage.
You feel sick.
You are no longer poisoned.
The gnoll sergeant looks more healthy.
The warg bites you.
* * * LOW HITPOINT WARNING * * *
The howler monkey hoots and howls with incredible vigour!
You hear a bellow! x2; You hear two shouts!
You hear a shout!
The warg bites you but does no damage.
There is a stone staircase leading up here.
You feel better. You block the warg's attack.
The howler monkey hits you but does no damage.
The warg bites you.
* * * LOW HITPOINT WARNING * * *
The howler monkey hits you but does no damage.
The gnoll sergeant hits you from afar with a +3 spear of venom.
* * * LOW HITPOINT WARNING * * *
The warg bites you!
You die...

#.# #.+ .# #.# .#
#.#####.#
#.......#
#.......#
#<......#
#.......###
#...@.....#
#..hhh....####
####....gg.......
#...............
#.............#
#..........####
#..........#
####....g..#
#.......#


You could see 2 wargs, 3 gnoll sergeants and a howler monkey.

Vanquished Creatures
  A centaur warrior (D:8)
  A two-headed ogre (D:8)
  The ghost of croobank the Firebug, a novice DrFE of Hepliaklqana (D:8)
  An ugly thing (D:10)
  A cyclops (D:8)
  A troll (D:9)
  2 wyverns (D:9)
  A steam dragon (D:9)
  2 acid dragons
  2 water moccasins
  3 orc warriors (D:9)
  An ice beast (D:4)
  A sky beast (D:5)
  A necrophage (D:4)
  An ogre (D:5)
  5 centaurs
  A phantom (D:5)
  A bullfrog (D:9)
  A kobold brigand (D:6)
  A gnoll sergeant (D:7)
  3 scorpions
  A wyvern zombie (D:7)
  6 wights
  A howler monkey (D:10)
  A lava snake (D:9)
  A bullfrog zombie (D:5)
  A hound (D:6)
  2 centaur skeletons (D:6)
  A gnoll shaman (D:5)
  2 centaur zombies
  4 jellies
  9 orc priests
  11 orc wizards
  A hound zombie (D:5)
  5 adders
  8 gnolls
  A shadow imp (D:8)
  3 white imps
  An adder zombie (D:5)
  An adder skeleton (D:4)
  2 worms
  3 dart slugs
  31 orcs
  7 bats
  4 endoplasms (D:1)
  4 giant cockroaches
  5 goblins
  9 hobgoblins
  3 jackals (D:1)
  10 kobolds
  3 quokkas
  10 ball pythons
  4 frilled lizards
  8 rats
195 creatures vanquished.

Vanquished Creatures (others)
  3 plants (D:4)
3 creatures vanquished.

Grand Total: 198 creatures vanquished

Notes
Turn   | Place    | Note
-------+----------+-------------------------------------------
     0 | D:1      | leviel the Hill Orc Fighter began the quest for the Orb.
     0 | D:1      | Reached XP level 1. HP: 19/19 MP: 1/1
   121 | D:1      | Reached XP level 2. HP: 27/27 MP: 2/2
   340 | D:1      | Found Ziaruaki's Antique Weapon Emporium.
   583 | D:1      | Reached skill level 4 in Fighting
   601 | D:1      | Reached XP level 3. HP: 33/33 MP: 3/3
  1657 | D:2      | Found the +3 Mad Mage's Maulers {Infuse+∞ RegenMP Int-3}
  1945 | D:2      | Reached XP level 4. HP: 40/40 MP: 1/4
  2567 | D:3      | Found a faded altar of an unknown god.
  2611 | D:3      | Reached skill level 1 in Invocations
  2611 | D:3      | Reached XP level 5. HP: 14/47 MP: 0/5
  2644 | D:3      | Upgraded the game from 0.28-a0-1555-g9ae15a6949 to
                  | 0.28-a0-1616-g050a50673c
  2890 | D:3      | Reached skill level 1 in Long Blades
  2890 | D:3      | Reached skill level 1 in Evocations
  2909 | D:3      | Found a stormy altar of Qazlal.
  2921 | D:3      | Reached skill level 1 in Dodging
  2942 | D:3      | Reached skill level 1 in Throwing
  2949 | D:3      | Reached XP level 6. HP: 53/53 MP: 0/7
  3202 | D:4      | Found a staircase to the Ecumenical Temple.
  3496 | D:4      | Found a basalt altar of Yredelemnul.
  3497 | D:4      | Noticed a necrophage
  3505 | D:4      | Killed a necrophage
  3573 | D:4      | Noticed an ice beast
  3581 | D:4      | Killed an ice beast
  3582 | D:4      | Reached XP level 7. HP: 60/60 MP: 1/8
  3692 | D:4      | Reached skill level 5 in Axes
  4076 | D:5      | Entered Level 5 of the Dungeon
  4140 | Temple   | Entered the Ecumenical Temple
  4482 | Temple   | Became a worshipper of Warmaster Okawaru
  4935 | D:5      | Reached skill level 5 in Fighting
  5030 | D:5      | Reached * piety under Okawaru
  5031 | D:5      | Reached XP level 8. HP: 54/68 MP: 0/10
  5362 | D:1      | Bought a blackened great sword for 207 gold pieces
  5362 | D:1      | Identified the +5 great sword "Volierch" {venom, rC+} (You
                  | bought it in a shop on level 1 of the Dungeon)
  5844 | D:6      | Reached skill level 5 in Armour
  6362 | D:7      | Reached ** piety under Okawaru
  6745 | D:7      | Reached skill level 6 in Fighting
  6745 | D:7      | Reached XP level 9. HP: 55/75 MP: 1/12
  7070 | D:7      | Found Apium's Weapon Shoppe.
  7406 | D:8      | Identified the +0 ring mail of Exclusion {Str+5 Int+3}
  7424 | D:8      | Noticed a centaur warrior
  7424 | D:8      | Noticed a cyclops
  7427 | D:8      | Noticed croobank's ghost (novice DrFE)
  7447 | D:8      | Found Tianoedgh's Antique Armour Shop.
  7459 | D:8      | Found a transporter.
  7462 | D:8      | Found a transporter.
  7468 | D:8      | Noticed a two-headed ogre
  7474 | D:8      | Killed a two-headed ogre
  7475 | D:8      | Reached skill level 5 in Invocations
  7484 | D:8      | Killed a cyclops
  7484 | D:8      | Reached *** piety under Okawaru
  7492 | D:8      | Killed a centaur warrior
  7493 | D:8      | Reached skill level 7 in Fighting
  7493 | D:8      | Reached XP level 10. HP: 16/86 MP: 1/14
  7502 | D:8      | Killed croobank's ghost
  7502 | D:8      | Reached **** piety under Okawaru
  7507 | D:8      | HP: 2/84 [wight (3)]
  7517 | D:8      | Reached skill level 5 in Evocations
  7830 | D:8      | Reached skill level 5 in Long Blades
  8126 | D:8      | Found a shimmering altar of Xom.
  8126 | D:8      | Found a broken altar of Ashenzari.
  8126 | D:8      | Found a glowing golden altar of the Shining One.
  8126 | D:8      | Found an ancient bone altar of Kikubaaqudgha.
  8165 | D:8      | Found a shimmering blue altar of Sif Muna.
  8168 | D:8      | Found a blossoming altar of Fedhas.
  8863 | D:9      | Reached ***** piety under Okawaru
  9130 | D:9      | Found Mimp's Book Shop.
  9340 | D:9      | Reached skill level 8 in Fighting
  9492 | D:9      | Reached skill level 5 in Throwing
  9726 | D:10     | Entered Level 10 of the Dungeon
  9762 | D:10     | Noticed a brown ugly thing
  9766 | D:10     | Noticed a skeletal warrior
  9768 | D:10     | Killed a brown ugly thing
  9768 | D:10     | Identified the +0 cloak of Pimmam {rC++ Str+3} (Okawaru
                  | gifted it to you on level 10 of the Dungeon)
  9768 | D:10     | Received a gift from Okawaru
  9769 | D:10     | Reached XP level 11. HP: 94/94 MP: 1/16
 10194 | D:10     | HP: 4/94 [gnoll sergeant (3)]
 10205 | D:10     | HP: 2/94 [warg (4)]
 10211 | D:10     | HP: 2/94 [gnoll sergeant (5)]
 10211 | D:10     | Slain by a warg

Illustrated notes

Levels and vault maps discovered:
D:1:      dpeg_arrival_arbitrary_b, layout_basic, serial_shops, shop
D:2:      layout_basic
D:3:      layout_basic, mainiacjoe_overflow_surrounded_room,
          chequers_ecumenical_altar_simple, grunt_ministairs_10
D:4:      layout_basic, lemuel_tele_altar,
          minmay_temple_entry_statues_fountains,
          nicolae_concentric_dashed_squares_mild, st_stairs_11,
          serial_bayou_lake_a
D:5:      layout_rooms, minmay_circle_x
D:6:      layout_gridville
D:7:      layout_basic, serial_shops, kennysheep_little_box
D:8:      layout_rooms, minmay_overflow_temple_hex, serial_shops,
          kennysheep_mini, gammafunk_ghost_arena
D:9:      layout_basic, nicolae_inconvenience_store, grunt_ministairs_1
D:10:     lemuel_castle_with_subvaults [lemuel_castle_interior_carwin_1],
          layout_irregular_city, mainiacjoe_overflow_small_starburst,
          makhleb_altar_promises_db, kennysheep_nub, minmay_diamond_spiral
Temple:   minmay_temple_forest_path

Skill      XL: |  1  2  3  4  5  6  7  8  9 10 |
---------------+-------------------------------+-----
Axes           | 3 4 5 |  5.9
Fighting       | 4 5 6 7 8 |  8.2
Invocations    | 1 2 3 4 6 7 |  7.5
Long Blades    | 1 3 4 5 |  5.8
Armour         | 4 5 6 7 |  7.4
Evocations     | 1 2 3 4 5 |  5.7
Dodging        | 1 2 3 4 |  4.8
Shields        | 4 |  4.7
Throwing       | 1 2 3 4 5 |  5.1

Action                   |  1- 3 |  4- 6 |  7- 9 | 10-12 || total
-------------------------+-------+-------+-------+-------++-------
Melee: War axe           |   116 |   111 |    51 |       ||   278
       Great sword       |       |       |    94 |   151 ||   245
  Use: Potion            |       |     3 |     3 |    13 ||    19
       Scroll            |       |       |     6 |     7 ||    13
Armor: Scale mail        |    61 |    43 |     3 |       ||   107
       Chain mail        |       |       |   105 |       ||   105
       Plate armour      |       |       |    55 |   190 ||   245
Dodge: Dodged            |    61 |    50 |   110 |    92 ||   313
Block: Buckler           |    34 |    23 |    12 |       ||    69
       Other             |       |       |       |    36 ||    36
       Reflection        |       |       |       |     7 ||     7

Table legend: (Time is in decaauts)
 A = Elapsed time spent in this place.
 B = Non-inter-level travel time spent in this place.
 C = Inter-level travel time spent in this place.
 D = Time resting spent in this place.
 E = Time spent auto-exploring this place.
 F = Levels seen in this place.
 G = Mean time per level.
                   A        B        C        D        E       F      G
               +--------+--------+--------+--------+--------+-----+--------+
         Total |  10417 |   9548 |    869 |    988 |   6992 |  11 |  947.0 |
       Dungeon |  10039 |   9221 |    818 |    988 |   6677 |  10 | 1003.9 |
        Temple |    377 |    327 |     50 |      0 |    315 |   1 |  377.0 |
               +--------+--------+--------+--------+--------+-----+--------+

Top non-repeatable levels by time:
     D:1: 1763 daAuts
     D:9: 1557 daAuts
     D:4: 1115 daAuts
     D:7: 1071 daAuts
     D:3: 918 daAuts
     D:8: 879 daAuts
     D:6: 810 daAuts
     D:5: 742 daAuts
     D:2: 688 daAuts
    D:10: 492 daAuts
  Temple: 377 daAuts
